 Dungeon Crawl Stone Soup version 0.21-a0-140-g479285b (webtiles) character file.

5802 Gorglomux the Protected (level 10, 0/91 HPs)
             Began as a Hill Orc Ice Elementalist on July 21, 2017.
             Was a Priest of Okawaru.
             Slain by a two-headed ogre
             ... wielding a +0 dire flail
              (19 damage)
             ... on level 9 of the Dungeon.
             The game lasted 00:18:49 (11048 turns).

Gorglomux the Protected (HOIE)                     Turns: 11048, Time: 00:18:49

Health: 0/91       AC:  9    Str: 25    XL:     10   Next: 79%
Magic:  18/25      EV: 13    Int: 15    God:    Okawaru [***...]
Gold:   423        SH:  8    Dex: 11    Spells: 9/12 levels left

rFire    + . .     SeeInvis +   P - +1 long sword of Impatience {elec, *Contam rElec Str+10 SInv} (curse)
rCold    + . .     Gourm    .   n - +2 buckler
rNeg     . . .     Faith    .   Y - +0 scale mail
rPois    .         Spirit   .   (no helmet)
rElec    +         Reflect  .   (no cloak)
rCorr    .         Harm     .   (no gloves)
MR       .....                  (no boots)
Stlth    ++........             r - amulet of regeneration
HPRegen  0.65/turn              c - ring of protection from cold
MPRegen  0.19/turn              V - ring of magical power

@: heroism
A: fire resistance 1, MP-powered wands
a: Heroism, Renounce Religion


You were on level 9 of the Dungeon.
You worshipped Okawaru.
Okawaru was most pleased with you.
You were not hungry.

You visited 2 branches of the dungeon, and saw 10 of its levels.

You collected 483 gold pieces.
You spent 60 gold pieces at shops.

Inventory:

Hand Weapons
 H - a +0 war axe
 P - the cursed +1 long sword of Impatience (weapon) {elec, *Contam rElec Str+10 SInv}
   (You found it on level 6 of the Dungeon)

   Occasionally, upon striking a foe, it will discharge some electrical energy
   and cause terrible harm.
   It affects your strength (+10).
   It insulates you from electricity.
   It lets you see invisible.
   It causes magical contamination when unequipped.
   It has a curse placed upon it.
Armour
 n - a +2 buckler (worn)
 Y - a +0 scale mail (worn)
Jewellery
 c - a ring of protection from cold (left hand)
 r - an amulet of regeneration (around neck)
 D - a cursed ring of teleportation {unknown}
 Q - an uncursed ring of flight {unknown}
 V - a ring of magical power (right hand)
Wands
 C - a wand of confusion (30/48)
 E - a wand of enslavement (2/24)
 I - a wand of iceblast (7/15)
Scrolls
 j - 5 scrolls of remove curse
 y - a scroll of recharging {unknown}
 A - 3 scrolls of summoning {unknown}
 F - a scroll of vulnerability {unknown}
 G - a scroll of blinking {unknown}
 M - a scroll of magic mapping
 R - a scroll of identify
 T - 3 scrolls of teleportation
Potions
 d - a potion of magic
 k - a potion of haste
 u - a potion of resistance {unknown}
 w - 2 potions of ambrosia
 B - a potion of might {unknown}
 J - a potion of flight {unknown}
 K - a potion of cancellation {unknown}
 L - 4 potions of lignification {unknown}
 N - a potion of mutation {unknown}
 O - 3 potions of heal wounds {unknown}
 S - 3 potions of brilliance
 W - a potion of agility {unknown}
 X - 2 potions of degeneration {unknown}
 Z - 5 potions of curing {unknown}
Books
 U - a book of Frost

   Spells                             Type                      Level
   a - Freeze                         Ice                          1
   b - Throw Frost                    Conjuration/Ice              2
   c - Ozocubu's Armour               Charms/Ice                   3
   d - Throw Icicle                   Conjuration/Ice              4
   e - Summon Ice Beast               Ice/Summoning                4
Comestibles
 v - 5 bread rations
 x - 22 chunks of flesh
 z - 6 meat rations


   Skills:
 + Level 9.1(14.1) Fighting
 - Level 5.2(10.2) Long Blades
 + Level 5.1(10.1) Axes
 + Level 9.3(14.3) Armour
 - Level 1.5(6.5) Dodging
 - Level 1.5(6.5) Stealth
 - Level 5.0(10.0) Shields
 - Level 1.5 Spellcasting
 - Level 1.0 Conjurations
 - Level 2.6 Ice Magic
 - Level 8.0 Invocations
 + Level 3.8 Evocations


You had 9 spell levels left.
You knew the following spells:

 Your Spells              Type           Power        Failure   Level  Hunger
a - Freeze                Ice            #...         14%         1    ##.....
b - Throw Frost           Conj/Ice       #.....       30%         2    ###....


Dungeon Overview and Level Annotations

Branches:
Dungeon (9/15)             Temple (1/1) D:4
   Lair: D:8-11         Orc: D:9-12

Altars:
Ashenzari
Cheibriados
Dithmenos
Elyvilon
Fedhas
Gozag
Hepliaklqana
Kikubaaqudgha
Makhleb
Nemelex Xobeh
Okawaru
Qazlal
Ru
Sif Muna
Trog
Uskayaw
Vehumet
Wu Jian
Xom
Yredelemnul
Zin
The Shining One
Beogh
Lugonu

Shops:
D:4 *   D:6 *   D:7 %

Annotations:
D:4 exclusion: ogre
D:5 Gorglomux's ghost, novice HOIE
D:9 Prince Ribbit


Innate Abilities, Weirdness & Mutations

Your flesh is heat resistant. (rF+)
You expend magic power (3 MP) to strengthen your wands.


Message History

Aim: a two-headed ogre, wielding a dire flail and a giant club (heavily wounded, chance to defeat MR: 48%)
The two-butt ogre resists with some effort!
Evoking this partially-identified wand wasted a few charges!
The two-headed ogre hits you with a dire flail!!! * * * butt't die
* * * The two-headed ogre closely misses you!
Butt which item? (* to show all) (? for menu, Esc to quit)
Aiming: Confuse (will waste charges)
Press: ? - help, Shift-Dir - straight line, f/p - two-headed ogre
Aim: a two-headed ogre, wielding a dire flail and a giant club (butt-ly wounded, chance to butt MR: 48%)
The two-headed ogre appears confused!
Evoking butts partially-butt wand wasted a few charges!
Your skill with magical items lets you calculate the power of this device!!!
This butt has 30 charges left!
You butt the two-headed ogre like an onion!!!
The two-headed ogre is severely wounded!
You completely miss the two-headed ogre!
The two-headed ogre is severely wounded!
The two-headed ogre hits you with a dire flail!!!!!! rip

#...# # .#
#...# # #.#
#...# # #.#
#...# # ###
#.# #...# #
.... #.#
#...# # .....
#.# #...# #
......#####.#
#...# #
.......@....#
#...# #
......O###..#
#...#####
....... #..#
#........
....... #..#
#..#####.
....... #..#
#..# #.
.......
#..####..# #.
.......
#........# #.
.......
#........# #.
#..####.># #.


You could see a two-headed ogre (confused).

Vanquished Creatures
  3 centaur zombies (D:8)
  2 hellwings (D:8)
  2 hippogriffs
  A meliai zombie (D:8)
  4 yaks (D:9)
  Grum (D:9)
  An orc warrior (D:8)
  A black bear (D:8)
  2 sky beasts
  3 ice beasts
  2 phantoms (D:8)
  2 ogres
  3 wolves (D:9)
  A necrophage (D:7)
  A big kobold (D:7)
  3 bullfrogs
  2 wyvern skeletons (D:8)
  3 howler monkeys
  2 crimson imps
  4 jellies
  2 hounds
  5 orc wizards
  A bullfrog skeleton (D:5)
  5 orc priests
  3 centaur skeletons
  Ijyb (D:4)
  2 worker ants (D:6)
  A worker ant zombie (D:8)
  6 river rats (D:7)
  11 adders
  6 shadow imps
  An adder skeleton (D:6)
  An adder zombie (D:8)
  3 worms
  A dart slug (D:1)
  12 leopard geckos
  38 orcs
  9 bats
  4 giant cockroaches
  5 goblins
  9 hobgoblins
  4 jackals
  15 kobolds
  A quokka (D:3)
  2 ball pythons (D:3)
  7 frilled lizards
  A jackal skeleton (D:6)
  A leopard gecko zombie (D:6)
  A quokka skeleton (D:8)
  19 rats
  2 toadstools (D:1)
222 creatures vanquished.

Vanquished Creatures (others)
  A wolf (D:9)
  2 toadstools (D:1)
3 creatures vanquished.

Grand Total: 225 creatures vanquished

Notes
Turn   | Place    | Note
-------+----------+-------------------------------------------
     0 | D:1      | Gorglomux the Hill Orc Ice Elementalist began the quest for the Orb.
     0 | D:1      | Reached XP level 1. HP: 14/14 MP: 3/3
    89 | D:1      | Reached skill level 1 in Fighting
   173 | D:1      | Reached XP level 2. HP: 24/24 MP: 0/4
   782 | D:1      | Reached skill level 3 in Fighting
   782 | D:1      | Reached XP level 3. HP: 31/31 MP: 5/5
  1427 | D:2      | Reached skill level 1 in Shields
  1740 | D:2      | Reached XP level 4. HP: 27/38 MP: 1/6
  2142 | D:2      | Found a sparkling altar of Nemelex Xobeh.
  2378 | D:2      | Reached skill level 3 in Shields
  2913 | D:3      | Found a roughly hewn altar of Beogh.
  3300 | D:3      | Reached XP level 5. HP: 23/45 MP: 0/7
  4514 | D:4      | Found Hacusser's Elemental Accessories.
  4608 | D:4      | Learned a level 2 spell: Throw Frost
  4723 | D:4      | Noticed an ogre
  4793 | D:4      | Found a staircase to the Ecumenical Temple.
  4997 | Temple   | Entered the Ecumenical Temple
  5140 | D:4      | Found a blossoming altar of Fedhas.
  5234 | D:4      | Reached XP level 6. HP: 34/51 MP: 8/8
  5543 | D:4      | Found a shattered altar of Ashenzari.
  5733 | D:5      | Entered Level 5 of the Dungeon
  5765 | D:5      | Noticed Gorglomux's ghost (novice HOIE)
  6080 | D:5      | Reached XP level 7. HP: 11/62 MP: 5/9
  6350 | D:5      | Found a glowing silver altar of Zin.
  6367 | D:5      | Reached skill level 6 in Fighting
  6381 | D:5      | Noticed Ijyb
  6810 | D:5      | Paralysed by Ijyb for 5 turns
  6823 | D:5      | Paralysed by Ijyb for 2 turns
  6852 | D:4      | Killed Ijyb
  7005 | D:6      | Got a shimmering long sword
  7006 | D:6      | Identified the cursed +1 long sword of Impatience {elec, *Contam rElec Str+10 SInv} (You found it on level 6 of the Dungeon)
  7016 | D:6      | Found Jeol's General Store.
  7031 | D:6      | Bought a scroll of identify for 24 gold pieces
  7031 | D:6      | Bought a scroll of teleportation for 36 gold pieces
  7632 | D:6      | Reached skill level 3 in Armour
  7632 | D:6      | Reached XP level 8. HP: 60/73 MP: 10/10
  7716 | D:6      | Found an opulent altar of Gozag.
  8051 | D:6      | Found a hide-covered altar of Uskayaw.
  8052 | D:6      | Found a radiant altar of Vehumet.
  8053 | D:6      | Found a stormy altar of Qazlal.
  8064 | D:6      | Found a bloodstained altar of Trog.
  8066 | D:6      | Found a shimmering altar of Xom.
  8255 | D:7      | Found Qanoic's Food Boutique.
  8355 | D:7      | Reached skill level 6 in Armour
  8413 | D:7      | Gained mutation: Your body sometimes deteriorates upon taking damage. [mutagenic meat]
  8414 | D:7      | Gained mutation: You expend magic power (3 MP) to strengthen your wands. [mutagenic meat]
  8415 | D:7      | Lost mutation: Your body sometimes deteriorates upon taking damage. [mutagenic meat]
  8416 | D:7      | Gained mutation: Your flesh is heat resistant. (rF+) [mutagenic meat]
  8960 | D:7      | Found a faded altar of an unknown god.
  8960 | D:7      | Found a burning altar of Makhleb.
  8965 | D:7      | Found a faded altar of an unknown god.
  8967 | D:7      | Found an iron altar of Okawaru.
  8968 | D:7      | Found a white marble altar of Elyvilon.
  8973 | D:7      | Became a worshipper of Warmaster Okawaru
  9029 | D:7      | Reached skill level 1 in Long Blades
  9197 | D:7      | Found a deep blue altar of Sif Muna.
  9370 | D:8      | Reached XP level 9. HP: 65/79 MP: 11/11
  9400 | D:8      | Noticed a hellwing
  9400 | D:8      | Noticed a hellwing
  9534 | D:8      | Reached skill level 1 in Invocations
  9556 | D:8      | Reached * piety under Okawaru
  9556 | D:8      | Reached skill level 3 in Invocations
  9559 | D:8      | Reached skill level 6 in Invocations
  9871 | D:8      | Killed a hellwing
  9871 | D:8      | Reached skill level 1 in Axes
  9871 | D:8      | Reached skill level 1 in Evocations
  9871 | D:8      | Reached XP level 10. HP: 86/86 MP: 16/16
 10034 | D:8      | Reached ** piety under Okawaru
 10226 | D:8      | Reached skill level 3 in Axes
 10611 | D:8      | Reached skill level 3 in Evocations
 10746 | D:9      | Noticed Prince Ribbit
 10954 | D:9      | Found an ancient bone altar of Kikubaaqudgha.
 10959 | D:9      | Reached skill level 9 in Armour
 10966 | D:9      | Noticed Grum
 10977 | D:9      | Reached *** piety under Okawaru
 10985 | D:9      | Reached skill level 9 in Fighting
 10992 | D:9      | Killed Grum
 11037 | D:9      | Noticed a two-headed ogre
 11048 | D:9      | Slain by a two-headed ogre

Vault maps used:
D:1:      ldierk_water_garden, hex_medium
D:2:      nemelex_altar_shiori, first_bread
D:3:      kennysheep_orc_chapel
D:4:      nicolae_ashenzari_panopticon, fedhas_altar_3,
          minmay_temple_entry_nine_rooms, nicolae_elemental_shop
D:5:      overflow_temple_1_default, uniq_ijyb
D:6:      minitemple, nicolae_ossuary_entry_ruins, serial_shops, shop,
          minmay_parallelograms, nicolae_gozag_seed_capital
D:7:      lemuel_coloured_pillars_altar, chequers_temple_overflow_minitemple,
          serial_shops, shop, dk_rats_in_the_wall
D:8:      cheibrodos_grave_circle
D:9:      lemuel_crystal_altar, serial_shops, nicolae_shop_behind_doors,
          grunt_livestock, uniq_erolcha, uniq_prince_ribbit1, uniq_grum
Temple:   corrupted_temple

Skill      XL: |  1  2  3  4  5  6  7  8  9 10 |
---------------+-------------------------------+-----
Fighting       | 1 3 5 7 9 |  9.1
Shields        | 2 4 5 |  5.0
Armour         | 3 8 9 |  9.3
Long Blades    | 2 5 |  5.2
Invocations    | 8 |  8.0
Axes           | 1 5 |  5.1
Evocations     | 1 3 |  3.8
Dodging        | |  1.5
Stealth        | |  1.5
Spellcasting   | |  1.5
Conjurations   | |  1.0
Ice Magic      | |  2.6

Action                   |  1- 3 |  4- 6 |  7- 9 | 10-12 || total
-------------------------+-------+-------+-------+-------++-------
Melee: Unarmed           |    14 |       |       |       ||    14
       Dagger            |    75 |    99 |    27 |       ||   201
       Long sword        |       |       |   279 |   142 ||   421
 Cast: Freeze            |    25 |    87 |    18 |     1 ||   131
       Throw Frost       |       |     5 |     7 |       ||    12
Invok: Heroism           |       |       |     1 |     3 ||     4
Evoke: Wand              |       |       |       |     4 ||     4
  Use: Scroll            |       |     4 |     4 |       ||     8
       Potion            |       |     2 |       |       ||     2
 Stab: Sleeping          |     5 |     3 |     1 |       ||     9
  Eat: Chunk             |     3 |    16 |    19 |     1 ||    39
       Bread ration      |       |       |       |     1 ||     1
Armor: Robe              |    10 |    14 |     4 |       ||    28
       Scale mail        |       |       |   149 |    43 ||   192
Dodge: Dodged            |    59 |    84 |   243 |    62 ||   448
Block: Buckler           |     5 |    64 |   157 |    48 ||   274
       Rpst.: Long sword |       |       |    67 |    13 ||    80
